 Dungeon Crawl Stone Soup version 0.22-a0-282-gdd34a7d (webtiles) character file.

124 vishdafish the Skirmisher (level 4, -8/40 HPs)
             Began as a Draconian Fighter on Mar 18, 2018.
             Splashed by Ijyb's acid (17 damage)
             ... on level 4 of the Dungeon.
             The game lasted 00:03:30 (3187 turns).

vishdafish the Skirmisher (Draconian Fighter)       Turns: 3187, Time: 00:03:31

Health: -8/40      AC:  5    Str: 24    XL:     4   Next: 81%
Magic:  4/4        EV: 10    Int:  9    God:
Gold:   90         SH:  9    Dex: 10    Spells: 3/3 levels left

rFire    . . .     SeeInvis .   a - +0 long sword
rCold    . . .     Gourm    .   b - +0 shield
rNeg     . . .     Faith    .   (armour unavailable)
rPois    .         Spirit   .   (helmet restricted)
rElec    .         Reflect  .   (no cloak)
rCorr    .         Harm     .   (no gloves)
MR       .....                  (no boots)
Stlth    +.........             (no amulet)
HPRegen  0.13/turn              (no ring)
MPRegen  0.09/turn              (no ring)

@: mighty
A: unfitting armour, cold-blooded, AC +5
a: no special abilities


You were on level 4 of the Dungeon.
You were not hungry.

You visited 1 branch of the dungeon, and saw 4 of its levels.

You collected 90 gold pieces.

Inventory:

Hand Weapons
 a - a +0 long sword (weapon)
Armour
 b - a +0 shield (worn)
Scrolls
 e - a scroll of remove curse {unknown}
 h - 2 scrolls of teleportation {unknown}
 i - a scroll of identify {unknown}
 m - a scroll of magic mapping {unknown}
 n - a scroll of enchant armour {unknown}
Potions
 f - a potion of resistance {unknown}
 g - 2 potions of flight {unknown}
 j - a potion of curing {unknown}
 k - a potion of ambrosia {unknown}
 l - a potion of cancellation {unknown}
 o - a potion of mutation {unknown}
Comestibles
 d - 2 rations


   Skills:
 + Level 3.8 Fighting
 * Level 3.4 Long Blades
 + Level 3.4 Dodging
 + Level 3.7 Shields


You had 3 spell levels left.
You didn't know any spells.

Dungeon Overview and Level Annotations

Branches:
Dungeon (4/15)
 Temple: D:4-7

Altars:
Gozag

Shops:
D:2 *

Annotations:
D:4 Ijyb


Innate Abilities, Weirdness & Mutations

Your plain brown scales are hard. (AC +5)
You cannot fit into any form of body armour.
You are cold-blooded and may be slowed by cold attacks.


Message History

No target in view!
Found 29 stones.
o - a fizzy brown potion Ijyb the Twisted Goblin comes into view.
Ijyb shouts!
Okay, then.
An adder comes into view.
The adder hisses angrily.
The adder moves out of view.
You hit Ijyb but do no damage. You block Ijyb's attack. Ijyb barely misses you.
You riposte.
You closely miss Ijyb. You tail-slap Ijyb, but do no damage.
You barely miss Ijyb.
Ijyb zaps a wand.
The bolt of acid hits you!
You are splashed with acid!
The acid burns!
* * * LOW HITPOINT WARNING * * *
It is a wand of acid (5).
You feel very mighty all of a sudden.
Ijyb zaps a wand.
The bolt of acid hits you!
* * * LOW HITPOINT WARNING * * *
You are splashed with acid!
The acid burns!
You die...

#.#####.###
#.......#
####.####
#########.#
#(......#.#
#.#####.#.##
# #.#
#....#####
#####.###.#
#....>....
.....Sg@..#
##...#####
......#####
#...## .....
#.### ####
#. #. #. #.
#.


You could see Ijyb and an adder.

Vanquished Creatures
  3 adders
  An ooze (D:3)
  An adder skeleton (D:4)
  2 worms
  2 dart slugs
  4 leopard geckos
  An orc (D:3)
  6 bats
  3 giant cockroaches
  6 goblins
  9 hobgoblins
  15 jackals
  A quokka (D:3)
  A ball python (D:2)
  5 frilled lizards
  5 kobolds
  5 rats
70 creatures vanquished.

Notes
Turn   | Place    | Note
-------+----------+-------------------------------------------
     0 | D:1      | vishdafish the Draconian Fighter began the quest for the Orb.
     0 | D:1      | Reached XP level 1. HP: 19/19 MP: 1/1
   466 | D:1      | Reached XP level 2. HP: 26/26 MP: 2/2
   863 | D:1      | Reached XP level 3. HP: 13/31 MP: 3/3
  1411 | D:2      | Found an opulent altar of Gozag.
  1417 | D:2      | Found Gozag's Platinum Reserve.
  1646 | D:2      | Reached XP level 4. HP: 39/39 MP: 4/4
  3182 | D:4      | Noticed Ijyb
  3187 | D:4      | Splashed by Ijyb's acid

Vault maps used:
D:1:      dpeg_arrival_round_c, kennysheep_doodads
D:2:      nicolae_gozag_zags_fifth_avenue
D:4:      cheibrodos_barr_body, grunt_ashenzari_visionary, uniq_ijyb

Skill      XL: |  1  2  3  4 |
---------------+-------------+-----
Dodging        | 3 |  3.4
Long Blades    | 3 |  3.4
Fighting       | |  3.8
Shields        | |  3.7

Action                   |  1- 3 |  4- 6 || total
-------------------------+-------+-------++-------
Melee: Long sword        |   121 |    84 ||   205
       Tailslap          |    15 |     6 ||    21
  Use: Potion            |       |     1 ||     1
 Stab: Sleeping          |       |     2 ||     2
  Eat: Chunk             |     2 |     3 ||     5
       Ration            |       |     1 ||     1
Armor: Skin              |    64 |    12 ||    76
Dodge: Dodged            |    93 |    37 ||   130
Block: Shield            |   100 |    37 ||   137
       Rpst.: Long sword |    28 |     8 ||    36

Table legend:
 A = Spawn XP
 B = Non-spawn XP
 C = Spawn XP percentage of total XP
 D = Spawn monster count
 E = Non-spawn monster count
 F = Spawn count percentage of total count
 G = Total turns spent on level
                    A         B        C        D         E        F      G
               +---------+---------+-------+---------+---------+-------+---------
         Total |       0 |     178 |   0.0 |       0 |      70 |   0.0 |  3187
               +---------+---------+-------+---------+---------+-------+---------
           D:1 |       0 |      53 |   0.0 |       0 |      26 |   0.0 |  1332
           D:2 |       0 |      66 |   0.0 |       0 |      24 |   0.0 |   910
           D:3 |       0 |      49 |   0.0 |       0 |      18 |   0.0 |   874
           D:4 |       0 |      10 |   0.0 |       0 |       2 |   0.0 |    71
               +---------+---------+-------+---------+---------+-------+---------
